 Dungeon Crawl Stone Soup version 0.29-a0-1023-g6ae1a4a2c7 (webtiles) character file.

Game seed: 7555199558103710353

482 sanka the Conjurer (level 7, -1/51 HPs)
             Began as a Gnoll Conjurer on Aug 11, 2022.
             Slain by an ice beast (14 damage)
             ... on level 6 of the Dungeon.
             The game lasted 00:03:30 (2132 turns).

sanka the Conjurer (Gnoll Conjurer)                 Turns: 2132, Time: 00:03:31

Health: -1/51      AC:  3    Str:  7    XL:     7   Next: 12%
Magic:  1/15       EV: 13    Int: 19    God:
Gold:   131        SH:  0    Dex: 10    Spells: 14/17 levels left

rFire   . . .      SeeInvis .   h - +0 short sword (venom)
rCold   . . .      Faith    .   (no shield)
rNeg    . . .      Spirit   .   a - +0 robe
rPois   .          Reflect  .   q - +0 helmet
rElec   .          Harm     .   (no cloak)
rCorr   .          Rampage  .   (no gloves)
Will    .....                   (no boots)
Stlth   +++.......              (no amulet)
HPRegen 0.17/turn               m - ring of wizardry
MPRegen 0.14/turn               d - ring of wizardry

@: no status effects
A: fangs 1, strong nose, distributed training
a: no special abilities


You were on level 6 of the Dungeon.
You visited 1 branch of the dungeon, and saw 4 of its levels.

You collected 131 gold pieces.


Innate Abilities, Weirdness & Mutations

You have very sharp teeth.
Your uncanny sense of smell can sniff out nearby items.
Your experience applies equally to all skills.


   Skills:
 + Level 2.3 Fighting
 + Level 2.3 Short Blades
 + Level 2.3 Long Blades
 + Level 2.3 Axes
 + Level 2.3 Maces & Flails
 + Level 2.3 Polearms
 + Level 2.3 Staves
 + Level 2.3 Ranged Weapons
 + Level 2.3 Throwing
 + Level 2.3 Armour
 + Level 5.2 Dodging
 + Level 4.8 Stealth
 + Level 2.3 Shields
 + Level 2.3 Unarmed Combat
 + Level 5.5 Spellcasting
 + Level 7.4 Conjurations
 + Level 1.9 Hexes
 + Level 1.9 Summonings
 + Level 1.9 Necromancy
 + Level 1.9 Translocations
 + Level 1.9 Transmutations
 + Level 1.9 Fire Magic
 + Level 1.9 Ice Magic
 + Level 1.9 Air Magic
 + Level 1.9 Earth Magic
 + Level 1.9 Poison Magic
 + Level 2.6 Invocations
 + Level 2.3 Evocations


You had 14 spell levels left.
You knew the following spells:

 Your Spells              Type           Power      Damage    Failure   Level
x - Searing Ray           Conj           66%        2d6       1%          2
z - Magic Dart            Conj           100%       1d8       1%          1

Your spell library contained the following spells:

 Spells                   Type           Power      Damage    Failure   Level
 Static Discharge         Conj/Air       23%        3-6/arc   1%          2
 Dazzling Flash           Conj/Hex       46%        N/A       1%          3
 Gell's Gravitas          Tloc           12%        N/A       4%          3
 Teleport Other           Tloc           12%        N/A       4%          3
 Fulminant Prism          Conj/Hex       11%        3d9       4%          4
 Iskenderun's Mystic Bla  Conj/Tloc      23%        2d6       4%          4
 Sticky Flame             Conj/Fire      23%        2d4       4%          4
 Dispel Undead            Necr           12%        3d9       13%         4
 Dispersal                Tloc           6%         N/A       86%         6

Inventory:

Hand Weapons
 h - a +0 short sword of venom (weapon)
Armour
 a - a +0 robe (worn)
 q - a +0 helmet (worn)
Jewellery
 d - a ring of wizardry (right hand)
 m - a ring of wizardry (left hand)
Scrolls
 c - 2 scrolls of fog {unknown}
 e - 3 scrolls of identify {unknown}
 f - 2 scrolls of fear {unknown}
 g - a scroll of blinking {unknown}
 k - a scroll of teleportation {unknown}
 n - a scroll of enchant weapon {unknown}
 p - a scroll of immolation {unknown}
 r - a scroll of vulnerability {unknown}
Potions
 b - a potion of magic
 i - a potion of curing {unknown}
 j - a potion of invisibility {unknown}
 l - a potion of flight {unknown}
 o - a potion of haste {unknown}
 s - a potion of brilliance {unknown}

Dungeon Overview and Level Annotations

Branches:
Dungeon (3/15)

Altars:
Okawaru

Shops:
D:2

: ▒.▒.▒..▒▒........▒....
▒.▒.▒▒.▒..▒▒.....▒..▒▒
▒.▒.▒....▒▒▒.....▒ .▒
▒.▒.▒▒.▒▒▒ ▒▒..▒▒▒ .▒
▒▒▒.▒▒.▒ ▒▒▒▒.▒▒▒▒
▒...▒.▒ ▒.......▒
▒.▒.▒.▒ ▒.......▒ .
▒▒.▒.▒▒▒ ▒.......▒ ...
▒..▒..▒ ▒......g▒▒..<..
▒.▒▒▒.▒▒.........Y.)....
..▒.▒..▒▒▒.▒▒▒.▒▒▒▒.▒▒▒.
.▒▒.▒▒...▒▒▒▒▒.▒ ▒
▒▒...▒▒▒....▒▒▒▒
...▒...†..).....
▒▒..†▒▒▒....▒▒▒▒
.▒▒.▒▒...▒▒▒▒ ..▒)▒..▒▒▒


You could see an ice beast.


Message History

You kill the orc priest!
The searing ray hits the ice beast.
The ice beast is lightly wounded.
Unknown command.
The searing ray hits the orc!
You kill the orc!
The searing ray hits the ice beast but does no damage.
The ice beast is lightly wounded.
You finish channelling your searing ray.
Aiming: Searing Ray (safe; 1% risk of failure)
Aim: an ice beast (lightly wounded, 81% to hit)
The searing ray hits the ice beast but does no damage.
The ice beast is lightly wounded. (Press . to maintain the ray.)
The searing ray misses the ice beast.
The ice beast hits you. The ice beast freezes you!
The searing ray hits the ice beast.
The ice beast is lightly wounded.
The ice beast hits you.
* * * LOW HITPOINT WARNING * * *
The ice beast freezes you!
* * * LOW HITPOINT WARNING * * *
The searing ray hits the ice beast.
The ice beast is moderately wounded.
You finish channelling your searing ray.
The ice beast hits you.
* * * LOW HITPOINT WARNING * * *
The ice beast freezes you!
You die...

Action                   |  1- 3 |  4- 6 |  7- 9 || total
-------------------------+-------+-------+-------++-------
Melee: Short sword       |       |    17 |       ||    17
       Bite              |       |     3 |       ||     3
 Cast: Magic Dart        |    49 |    18 |       ||    67
       Searing Ray       |       |     7 |     1 ||     8
Armor: Robe              |       |     3 |       ||     3
Dodge: Dodged            |     1 |    23 |       ||    24

Levels and vault maps discovered:
D:1:      matt_arrival_spirals, layout_rooms
D:2:      layout_rooms, serial_shops, shop, basic_altar
D:3:      layout_loops_cross, basic_ecumenical_altar, minmay_pentangle
D:6:      minmay_general_purpose_star, layout_rooms, minmay_ruffians,
          uniq_prince_ribbit1

Notes
Turn   | Place    | Note
-------+----------+-------------------------------------------
     0 | D:1      | sanka the Gnoll Conjurer began the quest for the Orb.
     0 | D:1      | Reached XP level 1. HP: 13/13 MP: 6/6
   124 | D:1      | Reached XP level 2. HP: 19/19 MP: 5/7
   146 | D:1      | Learned a level 2 spell: Searing Ray
   803 | D:2      | Reached skill level 5 in Spellcasting
   803 | D:2      | Reached XP level 3. HP: 25/25 MP: 4/9
   916 | D:2      | Found Fuedosme's Book Shoppe.
   985 | D:2      | Found an iron altar of Okawaru.
  1031 | D:2      | Reached skill level 1 in Invocations
  1103 | D:2      | Reached skill level 1 in Fighting
  1103 | D:2      | Reached skill level 1 in Short Blades
  1103 | D:2      | Reached skill level 1 in Long Blades
  1103 | D:2      | Reached skill level 1 in Axes
  1103 | D:2      | Reached skill level 1 in Maces & Flails
  1103 | D:2      | Reached skill level 1 in Polearms
  1103 | D:2      | Reached skill level 1 in Staves
  1103 | D:2      | Reached skill level 1 in Ranged Weapons
  1103 | D:2      | Reached skill level 1 in Throwing
  1103 | D:2      | Reached skill level 1 in Armour
  1103 | D:2      | Reached skill level 1 in Shields
  1103 | D:2      | Reached skill level 1 in Unarmed Combat
  1103 | D:2      | Reached skill level 1 in Evocations
  1380 | D:3      | Reached XP level 4. HP: 32/32 MP: 6/11
  1449 | D:3      | Found a faded altar of an unknown god.
  1607 | D:6      | Reached skill level 1 in Hexes
  1607 | D:6      | Reached skill level 1 in Summonings
  1607 | D:6      | Reached skill level 1 in Necromancy
  1607 | D:6      | Reached skill level 1 in Translocations
  1607 | D:6      | Reached skill level 1 in Transmutations
  1607 | D:6      | Reached skill level 1 in Fire Magic
  1607 | D:6      | Reached skill level 1 in Ice Magic
  1607 | D:6      | Reached skill level 1 in Air Magic
  1607 | D:6      | Reached skill level 1 in Earth Magic
  1607 | D:6      | Reached skill level 1 in Poison Magic
  1607 | D:6      | Noticed a scorpion
  1611 | D:6      | Reached XP level 5. HP: 37/37 MP: 3/12
  1616 | D:6      | Reached skill level 2 in Invocations
  1643 | D:6      | Reached skill level 2 in Fighting
  1643 | D:6      | Reached skill level 2 in Short Blades
  1643 | D:6      | Reached skill level 2 in Long Blades
  1643 | D:6      | Reached skill level 2 in Axes
  1643 | D:6      | Reached skill level 2 in Maces & Flails
  1643 | D:6      | Reached skill level 2 in Polearms
  1643 | D:6      | Reached skill level 2 in Staves
  1643 | D:6      | Reached skill level 2 in Ranged Weapons
  1643 | D:6      | Reached skill level 2 in Throwing
  1643 | D:6      | Reached skill level 2 in Armour
  1643 | D:6      | Reached skill level 5 in Dodging
  1643 | D:6      | Reached skill level 2 in Shields
  1643 | D:6      | Reached skill level 2 in Unarmed Combat
  1643 | D:6      | Reached skill level 2 in Evocations
  1643 | D:6      | Reached XP level 6. HP: 22/43 MP: 1/14
  1925 | D:6      | Noticed a black bear
  1941 | D:6      | Killed a black bear
  2119 | D:6      | Noticed an ice beast
  2126 | D:6      | Reached XP level 7. HP: 39/51 MP: 8/15
  2132 | D:6      | Slain by an ice beast

Vanquished Creatures
  A black bear (D:6)
  A necrophage (D:6)
  A scorpion (D:6)
  2 hounds (D:6)
  2 orc priests (D:6)
  2 iguanas (D:6)
  6 adders
  An ufetubus (D:6)
  A worm (D:2)
  A dart slug (D:2)
  2 orcs (D:6)
  A ball python (D:1)
  An endoplasm (D:1)
  A giant cockroach (D:3)
  3 goblins
  4 hobgoblins (D:1)
  3 jackals (D:2)
  3 kobolds (D:1)
  3 quokkas
  A bat (D:3)
  3 frilled lizards (D:1)
  4 rats
47 creatures vanquished.
